 Dungeon Crawl Stone Soup version 0.24.0-7-gb3623d2c88 (webtiles) character file.

Game seed: 14949631917195750740, levelgen mode: deterministic

31 McKennaii the Bolt Thrower (level 3, 0/29 HPs)
             Began as a Centaur Hunter on Nov 2, 2019.
             Succumbed to an adder's poison
             ... on level 2 of the Dungeon.
             The game lasted 00:01:46 (1074 turns).

McKennaii the Bolt Thrower (Centaur Hunter)         Turns: 1074, Time: 00:01:47

Health: 0/29       AC:  4    Str: 15    XL:     3   Next: 7%
Magic:  3/3        EV:  9    Int: 15    God:
Gold:   48         SH:  0    Dex:  9    Spells: 2/2 levels left

rFire    + . .     SeeInvis .   b - +0 short sword
rCold    + . .     Gourm    .   (no shield)
rNeg     . . .     Faith    .   c - +0 leather armour
rPois    +         Spirit   .   (no helmet)
rElec    +         Reflect  .   (no cloak)
rCorr    +         Harm     .   (no gloves)
MR       .....                  (no barding)
Stlth    +.........             (no amulet)
HPRegen  0.09/turn              (no ring)
MPRegen  0.08/turn              (no ring)

@: brilliant, lethally poisoned (0 -> -3), resistant, very quick
A: large, hooves 3, deformed body, speed 2, tough skin 3
a: no special abilities


You were on level 2 of the Dungeon.
You were not hungry.

You visited 1 branch of the dungeon, and saw 2 of its levels.

You collected 48 gold pieces.

Inventory:

Hand Weapons
 a - a +1 hand crossbow
 b - a +0 short sword (weapon)
Missiles
 d - 38 bolts
Armour
 c - a +0 leather armour (worn)
Scrolls
 e - a scroll of noise {unknown}
 h - 2 scrolls of identify {unknown}
 i - a scroll of enchant weapon {unknown}
 j - a scroll of teleportation {unknown}
 l - a scroll of fog {unknown}
 m - a scroll of remove curse {unknown}
 n - a scroll of blinking {unknown}
 o - a scroll of amnesia {unknown}
Comestibles
 f - 3 rations


   Skills:
 + Level 2.0 Fighting
 + Level 0.7 Short Blades
 * Level 5.0 Crossbows
 + Level 0.3 Armour
 + Level 1.6 Dodging
 + Level 0.4 Stealth


You had 2 spell levels left.
You didn't know any spells.
Your spell library was empty.

Dungeon Overview and Level Annotations

Branches:
Dungeon (2/15)

Altars:
Okawaru


Innate Abilities, Weirdness & Mutations

You have hooves in place of feet.
Armour fits poorly on your strangely shaped body.
You cover ground very quickly.
You have extremely tough skin. (AC +3)


Message History

You feel sick. The adder barely misses you.
The adder bites you but does no damage.
It was a potion of resistance.
You feel protected. The adder bites you but does no damage.
You hit the adder.
You kill the adder!
Your Crossbows skill increases to level 5!
You have reached level 3!
Your experience leads to an increase in your attributes!
Your base attributes are Str 14, Int 10, Dex 9.
Increase (S)trength, (I)ntelligence, or (D)exterity?
You feel stronger.
* * * LOW HITPOINT WARNING * * *
You feel sick.
* * * LOW HITPOINT WARNING * * *
You feel sick.
* * * LOW HITPOINT WARNING * * *
You feel sick.
You die...

######## #...@..#
#.####.# #.#..#.#
#.#<...#####
#.###......#
###########g#........#
..#.........#.#......#
###.#.#...g####)#.....)#
.............)# #....<.#


There were no monsters in sight!

Vanquished Creatures
  An adder (D:2)
  A giant cockroach (D:1)
  A hobgoblin (D:1)
  2 bats (D:1)
  4 frilled lizards (D:1)
  4 goblins
  6 kobolds (D:1)
  4 rats (D:1)
23 creatures vanquished.

Notes
Turn   | Place    | Note
-------+----------+-------------------------------------------
     0 | D:1      | McKennaii the Centaur Hunter began the quest for the Orb.
     0 | D:1      | Reached XP level 1. HP: 17/17 MP: 1/1
   267 | D:1      | Reached XP level 2. HP: 15/24 MP: 2/2
   453 | D:1      | Found an iron altar of Okawaru.
  1060 | D:2      | Reached skill level 5 in Crossbows
  1060 | D:2      | Reached XP level 3. HP: 3/29 MP: 3/3
  1064 | D:2      | HP: 1/29 [poisoned by an adder]
  1074 | D:2      | Succumbed to an adder's poison

Levels and vault maps discovered:
D:1:      matt_arrival_los_fun, layout_loops_ring, okawaru_ov_weapons_minmay
D:2:      layout_basic

Skill      XL: |  1  2 |
---------------+-------+-----
Crossbows      | 5 |  5.0
Fighting       | |  2.0
Short Blades   | |  0.7
Armour         | |  0.3
Dodging        | |  1.6
Stealth        | |  0.4

Action                   || total
-------------------------++-------
Melee: Short sword       ||    64
       Kick              ||     8
 Fire: Hand crossbow     ||     4
  Use: Potion            ||     2
Armor: Leather armour    ||    27
Dodge: Dodged            ||    40
